 Dungeon Crawl Stone Soup version 0.29-a0-1006-g0dd7720b37 (webtiles) character file.

Game seed: 7387053294614938776

303 pokeman the Magician (level 6, -4/34 HPs)
             Began as a Deep Elf Hedge Wizard on Aug 7, 2022.
             Was an Initiate of Vehumet.
             Slain by a gnoll sergeant
             ... wielding a +0 trident
              (15 damage)
             ... on level 5 of the Dungeon.
             The game lasted 00:09:36 (5339 turns).

pokeman the Magician (Deep Elf Hedge Wizard)        Turns: 5339, Time: 00:09:37

Health: -4/34      AC:  4    Str:  7    XL:     6   Next: 15%
Magic:  2/17       EV: 12    Int: 21    God:    Vehumet [......]
Gold:   200        SH:  0    Dex: 14    Spells: 7/18 levels left

rFire   . . .      SeeInvis .   p - +0 broad axe
rCold   . . .      Faith    .   (no shield)
rNeg    . . .      Spirit   .   r - +0 leather armour
rPois   +          Reflect  .   c - +0 hat
rElec   .          Harm     .   (no cloak)
rCorr   .          Rampage  .   k - +0 pair of gloves
Will    +....                   (no boots)
Stlth   ++........              (no amulet)
HPRegen 0.11/turn               f - ring of poison resistance
MPRegen 0.15/turn               C - ring of willpower

@: no status effects
A: no striking features
a: Renounce Religion


You were on level 5 of the Dungeon.
You worshipped Vehumet.
Vehumet was noncommittal.
You visited 1 branch of the dungeon, and saw 5 of its levels.

You collected 200 gold pieces.

Inventory:

Hand Weapons
 p - a +0 broad axe (weapon)
Armour
 c - a +0 hat (worn)
 k - a +0 pair of gloves (worn)
 r - a +0 leather armour (worn)
 x - a scarf of invisibility
Magical Staves
 A - a staff of poison
Jewellery
 f - a ring of poison resistance (left hand)
 y - a ring of see invisible
 C - a ring of willpower (right hand)
Wands
 D - a wand of roots (9)
Scrolls
 b - a scroll of silence {unknown}
 e - a scroll of poison {unknown}
 j - 2 scrolls of vulnerability {unknown}
 l - 5 scrolls of identify {unknown}
 n - 2 scrolls of fear {unknown}
 u - 2 scrolls of teleportation {unknown}
 B - a scroll of torment {unknown}
Potions
 a - a potion of degeneration {unknown}
 d - 3 potions of magic
 g - 4 potions of heal wounds {unknown}
 h - 2 potions of lignification {unknown}
 i - a potion of ambrosia {unknown}
 m - 2 potions of mutation {unknown}
 o - a potion of cancellation {unknown}
 q - 2 potions of attraction {unknown}
 s - a potion of brilliance {unknown}
 t - a potion of resistance {unknown}
 v - a potion of might {unknown}
 w - 2 potions of curing {unknown}
 z - a potion of haste {unknown}


   Skills:
 - Level 1.0 Fighting
 - Level 1.0 Armour
 - Level 3.0 Dodging
 - Level 3.1 Stealth
 * Level 6.8 Spellcasting
 + Level 3.1 Conjurations
 - Level 1.1 Summonings
 - Level 1.1 Translocations
 - Level 1.0 Fire Magic
 - Level 1.0 Air Magic
 + Level 0.8 Poison Magic
 + Level 0.7 Evocations


You had 7 spell levels left.
You knew the following spells:

 Your Spells              Type           Power      Damage    Failure   Level
a - Magic Dart            Conj           80%        1d7       3%          1
b - Mephitic Cloud        Conj/Pois/Air  14%        N/A       21%         3
c - Call Imp              Summ           11%        N/A       13%         2
d - Blink                 Tloc           22%        N/A       13%         2
e - Conjure Flame         Conj/Fire      15%        6-21      17%         3

Your spell library contained the following spells:

 Spells                   Type           Power      Damage    Failure   Level
 Slow                     Hex            28%        N/A       13%         1
 Confusing Touch          Hex            7%         N/A       36%         3
 Vampiric Draining        Necr           7%         2d6       36%         3


Dungeon Overview and Level Annotations

Branches:
Dungeon (5/15)
 Temple: D:4-7

Altars:
Vehumet


Message History

Your white imp hits the gnoll sergeant.
Your white imp freezes the gnoll sergeant.
Your white imp barely misses the gnoll sergeant.
A gnoll sergeant is nearby!
The gnoll sergeant hits your white imp with a +0 trident!
Your white imp dies!
Your white imp disappears in a puff of smoke!
Casting: Mephitic Cloud (quite dangerous; 21% risk of failure)
Confirm with . or Enter, or press ? or * to list all spells.
The spell is quite dangerous to miscast (21% risk of failure)!
Continue anyway?
Aiming: Mephitic Cloud (quite dangerous; 21% risk of failure)
Press: ? - help, Shift-Dir - straight line, f - gnoll sergeant
Aim: a gnoll sergeant, wielding a +0 trident and wearing a +0 ring mail (moderately wounded, chance to affect: 81%)
The ball explodes into a vile cloud!
The stinking cloud engulfs the gnoll sergeant but does no damage.
The gnoll sergeant is moderately wounded.
The gnoll sergeant is engulfed in noxious fumes.
The gnoll sergeant appears confused.
Unknown command.
Casting: Mephitic Cloud (quite dangerous; 21% risk of failure)
Confirm with . or Enter, or press ? or * to list all spells.
A beastly little devil appears in a puff of frigid air.
Unknown command.
What are your orders? t - Shout!
Orders for allies: a - Attack new target. p - Attack previous target. r - Retreat! s - Stop attacking. g - Guard the area. f - Follow me.
Anything else - Cancel.
Gang up on whom?
Press: ? - help, Dir - move target, f/p - gnoll sergeant
Aim: a gnoll sergeant, wielding a +0 trident and wearing a +0 ring mail (noxious fumes, moderately wounded, confused, ally target) Attack!
The gnoll sergeant is engulfed in noxious fumes.
The gnoll sergeant appears confused.
Your white imp hits the gnoll sergeant.
Your white imp freezes the gnoll sergeant.
You hit the gnoll sergeant.
The gnoll sergeant is heavily wounded.
The gnoll sergeant hits you with a +0 trident!
You die...

#......'...........#
#......#...........#
#......#...<.......#
#......##.....##...#
#########.....##...#
#..................
#..................
#..................
#.@5#######+###...#
#..g####..... ...
#.).○#.......
#..°°#.......
#....#.......
#.)..').g....
#....#.......
#....#.......
#....#.......


You could see a gnoll sergeant (confused, ally target) and a friendly white imp
(summoned).

Vanquished Creatures
  A scorpion (D:4)
  An iguana (D:4)
  Natasha (thrice) (D:3)
  2 gnolls (D:5)
  3 adders
  An ufetubus (D:4)
  3 worms
  3 dart slugs
  An orc (D:3)
  5 ball pythons
  3 endoplasms
  3 giant cockroaches
  6 goblins
  2 hobgoblins
  4 jackals
  6 quokkas
  2 bats
  3 frilled lizards
  3 kobolds
  5 rats
60 creatures vanquished.

Vanquished Creatures (collateral kills)
  2 gnolls (D:5)
  A jackal (D:4)
3 creatures vanquished.

Vanquished Creatures (others)
  8 plants (D:4)
8 creatures vanquished.

Grand Total: 71 creatures vanquished

Notes
Turn   | Place    | Note
-------+----------+-------------------------------------------
     0 | D:1      | pokeman the Deep Elf Hedge Wizard began the quest for the
                  | Orb.
     0 | D:1      | Reached XP level 1. HP: 10/10 MP: 7/7
   519 | D:1      | Reached XP level 2. HP: 16/16 MP: 6/9
  1114 | D:2      | Reached skill level 5 in Spellcasting
  1478 | D:2      | Reached XP level 3. HP: 20/20 MP: 6/11
  1482 | D:2      | Learned a level 3 spell: Mephitic Cloud
  1485 | D:2      | Learned a level 2 spell: Call Imp
  1488 | D:2      | Learned a level 2 spell: Blink
  1492 | D:2      | Learned a level 3 spell: Conjure Flame
  2011 | D:2      | Reached skill level 1 in Fighting
  2426 | D:3      | Reached skill level 1 in Armour
  2963 | D:3      | Reached XP level 4. HP: 25/25 MP: 10/13
  3192 | D:3      | Noticed Natasha
  3198 | D:3      | Killed Natasha
  3730 | D:3      | Noticed Natasha
  3736 | D:3      | Killed Natasha
  3932 | D:3      | Noticed Natasha
  4020 | D:3      | Killed Natasha
  4021 | D:3      | Reached skill level 6 in Spellcasting
  4021 | D:3      | Reached XP level 5. HP: 14/29 MP: 7/15
  4407 | D:4      | Found a radiant altar of Vehumet.
  4415 | D:4      | Became a worshipper of Vehumet
  4463 | D:4      | Reached skill level 1 in Fire Magic
  4626 | D:4      | Reached skill level 1 in Air Magic
  5265 | D:5      | Entered Level 5 of the Dungeon
  5318 | D:5      | Reached XP level 6. HP: 9/34 MP: 9/17
  5339 | D:5      | Slain by a gnoll sergeant

Illustrated notes

Levels and vault maps discovered:
D:1:      shiori_arrival_maze, layout_basic
D:2:      layout_basic
D:3:      layout_loops_ring, uniq_natasha
D:4:      layout_rooms, vehumet_crystals, serial_forest,
          infiniplex_forest_clump_diagonal, infiniplex_forest_clump_small,
          infiniplex_forest_lined_room_3, infiniplex_forest_lined_room_,
          infiniplex_forest_clump_tiny, infiniplex_forest_pool,
          infiniplex_forest_clump_long, infiniplex_forest_clump_diagonal,
          grunt_ministairs_13
D:5:      layout_gridville

Skill      XL: |  1  2  3  4  5 |
---------------+----------------+-----
Spellcasting   | 5 6 |  6.8
Fighting       | 1 |  1.0
Armour         | 1 |  1.0
Conjurations   | 2 3 |  3.1
Dodging        | 3 |  3.0
Stealth        | 3 |  3.1
Fire Magic     | 1 |  1.0
Air Magic      | 1 |  1.0
Summonings     | |  1.1
Translocations | |  1.1
Poison Magic   | |  0.8
Evocations     | |  0.7

Action                   |  1- 3 |  4- 6 || total
-------------------------+-------+-------++-------
Melee: Dagger            |     2 |       ||     2
       Broad axe         |       |    26 ||    26
 Cast: Magic Dart        |   106 |    57 ||   163
       Mephitic Cloud    |     1 |    10 ||    11
       Call Imp          |     1 |     3 ||     4
       Conjure Flame     |     1 |       ||     1
 Stab: Confused          |       |     4 ||     4
Armor: Robe              |     4 |       ||     4
       Leather armour    |       |     8 ||     8
Dodge: Dodged            |     7 |    30 ||    37

Table legend: (Time is in decaauts)
 A = Elapsed time spent in this place.
 B = Non-inter-level travel time spent in this place.
 C = Inter-level travel time spent in this place.
 D = Time resting spent in this place.
 E = Time spent auto-exploring this place.
 F = Levels seen in this place.
 G = Mean time per level.
                   A        B        C        D        E       F      G
               +--------+--------+--------+--------+--------+-----+--------+
         Total |   5352 |   5180 |    172 |    246 |   3919 |   5 | 1070.4 |
       Dungeon |   5352 |   5180 |    172 |    246 |   3919 |   5 | 1070.4 |
               +--------+--------+--------+--------+--------+-----+--------+

Top non-repeatable levels by time:
     D:3: 1823 daAuts
     D:2: 1312 daAuts
     D:1: 1096 daAuts
     D:4: 1044 daAuts
     D:5: 74 daAuts
